 Dungeon Crawl Stone Soup version 0.23.2-40-g277498a001 (webtiles) character file.

Game seed: 17883143965831408365

1335 FishyPogo the Gusty (level 8, -4/68 HPs)
             Began as a Purple Draconian Air Elementalist on Aug 17, 2019.
             Was a Follower of the Shining One.
             Killed from afar by a steam dragon (16 damage)
             ... with a ball of steam
             ... on level 7 of the Dungeon.
             The game lasted 00:22:26 (4262 turns).

FishyPogo the Gusty (DrAE)                          Turns: 4262, Time: 00:22:26

Health: -4/68      AC:  6    Str: 10    XL:     8   Next: 35%
Magic:  24/24      EV: 13    Int: 16    God:    the Shining One [*.....]
Gold:   323        SH:  2    Dex: 14    Spells: 11/16 levels left

rFire    . . .     SeeInvis .   b - +4 war axe
rCold    . . .     Gourm    .   (no shield)
rNeg     . . .     Faith    .   (armour unavailable)
rPois    .         Spirit   .   (helmet restricted)
rElec    .         Reflect  +   (no cloak)
rCorr    .         Harm     .   (no gloves)
MR       +....                  (no boots)
Stlth    +.........             m - +2 amulet of reflection
HPRegen  0.21/turn              c - ring of magical power
MPRegen  0.19/turn              v - ring of flight

@: short of breath, glowing
A: breathe power, unfitting armour, cold-blooded, AC +6
a: Breathe Dispelling Energy, Renounce Religion, Evoke Flight


You were on level 7 of the Dungeon.
You worshipped the Shining One.
The Shining One was aware of your devotion.
You were not hungry.

You visited 1 branch of the dungeon, and saw 7 of its levels.

You collected 323 gold pieces.

Inventory:

Hand Weapons
 a - a +2 short sword of venom
 b - a +4 war axe (weapon)
Jewellery
 c - a ring of magical power (left hand)
 m - a +2 amulet of reflection (around neck)
 v - a ring of flight (right hand)
Wands
 k - a wand of flame (11)
 x - a wand of enslavement (11)
Scrolls
 d - 4 scrolls of magic mapping {unknown}
 f - 5 scrolls of teleportation {unknown}
 h - 4 scrolls of identify {unknown}
 l - a scroll of amnesia {unknown}
 n - 3 scrolls of fog {unknown}
 q - 3 scrolls of immolation {unknown}
 s - 3 scrolls of noise {unknown}
 u - a scroll of enchant weapon {unknown}
 w - 3 scrolls of remove curse {unknown}
Potions
 e - a potion of heal wounds {unknown}
 g - a potion of curing {unknown}
 i - 2 potions of might {unknown}
 j - a potion of resistance {unknown}
 o - a potion of brilliance {unknown}
 t - a potion of lignification {unknown}
 z - a potion of invisibility {unknown}
Comestibles
 r - 13 rations


   Skills:
 * Level 5.1 Fighting
 - Level 1.6 Short Blades
 * Level 3.5 Axes
 + Level 3.4 Dodging
 - Level 2.0 Stealth
 * Level 4.9 Spellcasting
 - Level 1.0 Conjurations
 * Level 5.6 Air Magic
 + Level 3.1 Evocations


You had 11 spell levels left.
You knew the following spells:

 Your Spells              Type           Power        Failure   Level  Hunger
a - Shock                 Conj/Air       ##..         3%          1    None
b - Airstrike             Air            ###.......   14%         4    ####...

Your spell library contained the following spells:

 Spells                   Type           Power        Failure   Level  Hunger
 Swiftness                Chrm/Air       ##......     8%          2    ##.....
 Static Discharge         Conj/Air       ##......     12%         3    ###....
 Animate Skeleton         Necr           N/A          16%         1    None
 Pain                     Necr           #...         16%         1    None
 Regeneration             Chrm/Necr      #.........   43%         3    ###....
 Vampiric Draining        Necr           #.........   43%         3    ###....
 Lightning Bolt           Conj/Air       ##........   71%         5    ######.
 Animate Dead             Necr           N/A          83%         4    ####...


Dungeon Overview and Level Annotations

Branches:
Dungeon (7/15)             Temple (0/1) D:6

Altars:
Elyvilon
Okawaru
Yredelemnul
Zin
The Shining One

Shops:
D:6 *

Annotations:
D:4 2 runed translucent doors, raetorn's ghost, novice FoFi


Innate Abilities, Weirdness & Mutations

You can breathe bolts of dispelling energy.
Your rich purple scales are hard. (AC +6)
You cannot fit into any form of body armour.
You are cold-blooded and may be slowed by cold attacks.


Message History

The ball of steam hits you!
An adder zombie comes into view.
You are engulfed in a cloud of scalding steam.
* * * LOW HITPOINT WARNING * * *
The adder zombie barely misses you. The steam dragon misses you.
The steam dragon claws you but does no damage.
Found 12 gold pieces.
You barely miss the steam dragon.
The steam dragon is lightly wounded.
You slash the adder zombie!
You are engulfed in a cloud of scalding steam.
* * * LOW HITPOINT WARNING * * *
The adder zombie barely misses you. The steam dragon bites you.
* * * LOW HITPOINT WARNING * * *
The steam dragon claws you but does no damage.
The adder zombie barely misses you. The adder zombie misses you.
The steam dragon breathes steam at you. The ball of steam hits you!
You die...

......########.#
.......#.......#
#....## #§###.#
#§# #<# .
#.###.#
...#.DZ..#
.......#§#.#####
...$.....@^....#
.......#.##.##.#
.....###.# .#
..... ..# .#
#...# ##.# #
##.# #.# .#
#.#####†##. #.#
.......... ...#
..o...... #..#


You could see a steam dragon and an adder zombie.

Vanquished Creatures
  Eustachio (D:6)
  Edmund (D:6)
  An ice beast (D:6)
  A sky beast (D:5)
  2 ogres
  A centaur (D:5)
  Blork the orc (D:6)
  A scorpion (D:5)
  2 crimson imps (D:5)
  A bullfrog zombie (D:6)
  A hound (D:4)
  An orc priest (D:6)
  A gnoll shaman (D:4)
  An orc wizard (D:6)
  An iguana (D:6)
  2 worker ants
  2 hound skeletons
  3 gnolls (D:4)
  7 adders
  2 shadow imps
  An adder skeleton (D:6)
  2 worms
  4 dart slugs
  5 leopard geckos
  13 orcs
  5 giant cockroaches
  2 gnoll zombies (D:6)
  5 goblins
  5 hobgoblins
  10 jackals
  8 kobolds
  A quokka (D:3)
  9 bats
  5 frilled lizards
  9 rats
117 creatures vanquished.

Notes
Turn   | Place    | Note
-------+----------+-------------------------------------------
     0 | D:1      | FishyPogo the Draconian Air Elementalist began the quest
                  | for the Orb.
     0 | D:1      | Reached XP level 1. HP: 14/14 MP: 3/3
   139 | D:1      | Reached XP level 2. HP: 16/22 MP: 0/5
   374 | D:1      | Reached skill level 1 in Fighting
   596 | D:1      | Reached XP level 3. HP: 28/28 MP: 4/6
  1267 | D:2      | Reached skill level 1 in Short Blades
  1388 | D:2      | Reached XP level 4. HP: 26/36 MP: 5/7
  1538 | D:2      | Learned a level 4 spell: Airstrike
  1773 | D:3      | Found a glowing golden altar of the Shining One.
  1773 | D:3      | Found a white marble altar of Elyvilon.
  1774 | D:3      | Found a glowing silver altar of Zin.
  1783 | D:3      | Became a worshipper of the Shining One
  2444 | D:4      | Reached XP level 5. HP: 38/42 MP: 6/8
  2496 | D:4      | Found an iron altar of Okawaru.
  2562 | D:4      | Reached skill level 1 in Evocations
  2682 | D:4      | Found a large runed translucent door.
  2682 | D:4      | Found a large runed translucent door.
  2686 | D:4      | Noticed raetorn's ghost (novice FoFi)
  2823 | D:5      | Entered Level 5 of the Dungeon
  2823 | D:5      | Noticed a sky beast
  2885 | D:5      | Noticed an ogre
  2895 | D:5      | Killed an ogre
  2895 | D:5      | Reached XP level 6. HP: 35/51 MP: 5/10
  2986 | D:5      | Reached skill level 1 in Axes
  3055 | D:5      | Reached * piety under the Shining One
  3064 | D:5      | Your scales start taking on a rich purple colour.
  3064 | D:5      | Reached XP level 7. HP: 42/58 MP: 12/12
  3364 | D:6      | Noticed Eustachio
  3375 | D:6      | Noticed Blork the orc
  3377 | D:6      | Killed Eustachio
  3377 | D:6      | Reached skill level 5 in Air Magic
  3387 | D:6      | Killed Blork the orc
  3503 | D:6      | Found Kustien's Assorted Antiques.
  3570 | D:6      | Reached XP level 8. HP: 50/67 MP: 14/14
  3773 | D:6      | Found a staircase to the Ecumenical Temple.
  3967 | D:6      | Found a basalt altar of Yredelemnul.
  4077 | D:6      | Noticed Edmund
  4107 | D:6      | Killed Edmund
  4107 | D:6      | Reached skill level 5 in Fighting
  4262 | D:7      | Killed from afar by a steam dragon

Skill      XL: |  1  2  3  4  5  6  7  8 |
---------------+-------------------------+-----
Stealth        | 2 |  2.0
Fighting       | 1 2 3 4 5 |  5.1
Dodging        | 2 3 |  3.4
Short Blades   | 1 |  1.6
Air Magic      | 4 5 |  5.6
Evocations     | 1 2 3 |  3.1
Axes           | 1 3 |  3.5
Spellcasting   | 3 4 |  4.9
Conjurations   | |  1.0

Action                   |  1- 3 |  4- 6 |  7- 9 || total
-------------------------+-------+-------+-------++-------
Melee: Short sword       |    70 |    60 |       ||   130
       Tailslap          |     4 |     7 |     5 ||    16
       War axe           |       |    26 |    40 ||    66
 Cast: Shock             |    32 |    49 |    60 ||   141
       Airstrike         |       |       |     1 ||     1
 Abil: Breathe Dispellin |       |       |    12 ||    12
 Stab: Sleeping          |     3 |     1 |       ||     4
  Eat: Chunk             |     2 |     6 |     6 ||    14
Armor: Skin              |    21 |    19 |    16 ||    56
Dodge: Dodged            |    35 |    52 |    47 ||   134
Block: Other             |       |     6 |     4 ||    10
